 Dungeon Crawl Stone Soup version 0.21.0-25-ge575cb9 (webtiles) character file.

44 Mgcat the Ruffian (level 3, 0/28 HPs)
             Began as a Draconian Transmuter on Jan 23, 2018.
             Succumbed to an adder's poison
             ... on level 2 of the Dungeon.
             The game lasted 00:02:16 (1231 turns).

Mgcat the Ruffian (Draconian Transmuter)            Turns: 1231, Time: 00:02:16

Health: 0/28       AC:  5    Str: 12    XL:     3   Next: 39%
Magic:  6/6        EV: 12    Int: 14    God:
Gold:   40         SH:  0    Dex: 11    Spells: 5/6 levels left

rFire    . . .     SeeInvis .     - Unarmed
rCold    . . .     Gourm    .   (no shield)
rNeg     . . .     Faith    .   (armour unavailable)
rPois    .         Spirit   .   (helmet restricted)
rElec    .         Reflect  .   (no cloak)
rCorr    .         Harm     .   (no gloves)
MR       .....                  (no boots)
Stlth    +.........             (no amulet)
HPRegen  0.09/turn              (no ring)
MPRegen  0.10/turn              (no ring)

@: lethally poisoned (0 -> -12)
A: unfitting armour, cold-blooded, AC +5
a: no special abilities


You were on level 2 of the Dungeon.
You were very hungry.

You visited 1 branch of the dungeon, and saw 2 of its levels.

You collected 40 gold pieces.

Inventory:

Missiles
 a - 37 arrows
Jewellery
 e - an uncursed ring of protection from fire {unknown}
Potions
 f - a potion of resistance {unknown}
 g - a potion of haste {unknown}
 h - a potion of might {unknown}
Books
 b - a book of Changes

   Spells                             Type                      Level
   a - Beastly Appendage              Transmutation                1
   b - Sticks to Snakes               Transmutation                2
   c - Spider Form                    Transmutation/Poison         3
   d - Ice Form                       Ice/Transmutation            4
   e - Blade Hands                    Transmutation                5
Comestibles
 c - 2 rations


   Skills:
 - Level 1.1 Fighting
 - Level 1.7 Dodging
 + Level 4.5 Unarmed Combat
 - Level 2.0 Spellcasting
 - Level 2.0 Transmutations


You had 5 spell levels left.
You knew the following spells:

 Your Spells              Type           Power        Failure   Level  Hunger
a - Beastly Appendage     Tmut           #.....       11%         1    ##.....


Dungeon Overview and Level Annotations

Branches:
Dungeon (2/15)

Altars:


Innate Abilities, Weirdness & Mutations

Your plain brown scales are hard. (AC +5)
You cannot fit into any form of body armour.
You are cold-blooded and may be slowed by cold attacks.


Message History

The adder bites you.
* * * LOW HITPOINT WARNING * * *
You barely miss the rat.
Your tail-slap misses the rat.
* * * LOW HITPOINT WARNING * * *
You feel sick. The rat barely misses you.
The adder bites you but does no damage.
You barely miss the adder.
Your tail-slap misses the adder.
The adder bites you.
* * * LOW HITPOINT WARNING * * *
You are more poisoned.
The adder poisons you! The rat completely misses you.
You hit the adder.
The adder is moderately wounded.
* * * LOW HITPOINT WARNING * * *
You feel sick. The adder closely misses you. The rat bites you.
* * * LOW HITPOINT WARNING * * *
* * * LOW HITPOINT WARNING * * *
You feel sick. The rat misses you. The adder closely misses you.
An adder comes into view.
You die...

.....
............%...
#...
#........g.#....
#..
#........#######
#..##........#
#?...)##....#
#...†..#(...#
####.rS.#.)....#
#........†.....#
...##..@#........#
........#........#
#..........#.....#
###.......##...#.#
.....##...<...#.#
##.##. ......... .
#.. #. ###.. .. #.
..S


You could see 2 adders and a rat.

Vanquished Creatures
  A worm (D:2)
  A dart slug (D:2)
  2 leopard geckos
  5 bats
  4 giant cockroaches (D:1)
  5 goblins
  6 hobgoblins
  A ball python (D:1)
  2 frilled lizards (D:1)
  4 kobolds
  A rat (D:1)
32 creatures vanquished.

Notes
Turn   | Place    | Note
-------+----------+-------------------------------------------
     0 | D:1      | Mgcat the Draconian Transmuter began the quest for the Orb.
     0 | D:1      | Reached XP level 1. HP: 16/16 MP: 3/3
   130 | D:1      | Reached XP level 2. HP: 23/23 MP: 5/5
   507 | D:1      | Reached skill level 4 in Unarmed Combat
   738 | D:1      | Reached XP level 3. HP: 28/28 MP: 6/6
  1230 | D:2      | HP: 1/28 [poisoned by an adder]
  1231 | D:2      | Succumbed to an adder's poison

Skill      XL: |  1  2 |
---------------+-------+-----
Unarmed Combat | 4 |  4.5
Fighting       | |  1.1
Dodging        | |  1.7
Spellcasting   | |  2.0
Transmutations | |  2.0

Action                   || total
-------------------------++-------
Melee: Unarmed           ||   125
       Tailslap          ||     9
       Punch             ||     1
 Stab: Sleeping          ||     1
Armor: Skin              ||    31
Dodge: Dodged            ||    88
